 Dungeon Crawl Stone Soup version 0.29-a0-121-g8efb068a30 (webtiles) character file.

Game seed: 4933125198771725828

1155 Gargoyl the Covered (level 8, 0/50 HPs)
             Began as a Gargoyle Abyssal Knight on Feb 20, 2022.
             Was a Believer of Lugonu.
             Slain by a lemure (3 damage)
             ... led by Pikel
             ... on level 5 of the Dungeon.
             The game lasted 00:06:27 (5504 turns).

Gargoyl the Covered (Gargoyle Abyssal Knight)       Turns: 5504, Time: 00:06:27

Health: 0/50       AC: 13    Str: 18    XL:     8   Next: 39%
Magic:  9/9        EV: 11    Int: 12    God:    Lugonu [**....]
Gold:   320        SH:  0    Dex: 10    Spells: 7/7 levels left

rFire   . . .      SeeInvis .   a - +2 hand axe
rCold   . . .      Faith    .   b - orb {light}
rNeg    + . .      Spirit   .   d - +0 ring mail
rPois   ∞          Reflect  .   (no helmet)
rElec   +          Harm     .   (no cloak)
rCorr   .          Rampage  .   (no gloves)
Will    .....                   o - +0 pair of boots
Stlth   +.........              (no amulet)
HPRegen 0.16/turn               (no ring)
MPRegen 0.11/turn               (no ring)

@: glowing
A: sickness immunity, AC +5, negative energy resistance 1, electricity
resistance, torment resistance 1, petrification resistance
a: Renounce Religion, Depart the Abyss, Bend Space


You were on level 5 of the Dungeon.
You worshipped Lugonu.
Lugonu was pleased with you.
You visited 1 branch of the dungeon, and saw 5 of its levels.
You visited the Abyss 1 time.

You collected 320 gold pieces.

Inventory:

Hand Weapons
 a - a +2 hand axe (weapon)
 h - a +1 dagger of electrocution
Missiles
 k - 5 curare-tipped darts (quivered)
 m - 4 poisoned darts
 p - a throwing net
Armour
 b - an orb of light (worn)
 d - a +0 ring mail (worn)
 o - a +0 pair of boots (worn)
Wands
 q - a wand of polymorph (3)
Scrolls
 c - a scroll of enchant armour {unknown}
Potions
 g - a potion of resistance
 i - 3 potions of invisibility
 j - a potion of flight
 n - 2 potions of brilliance


   Skills:
 + Level 5.4 Fighting
 + Level 5.0 Short Blades
 + Level 2.6 Axes
 + Level 0.7 Throwing
 + Level 5.6 Armour
 + Level 2.4 Dodging
 + Level 2.3 Stealth
 + Level 0.2 Unarmed Combat
 + Level 2.0 Invocations
 + Level 0.1 Evocations


You had 7 spell levels left.
You didn't know any spells.
Your spell library contained the following spells:

 Spells                   Type           Power      Damage    Failure   Level
 Foxfire                  Conj/Fire      0%         2x1d4     50%         1
 Tukima's Dance           Hex            0%         N/A       86%         3
 Anguish                  Hex/Necr       0%         N/A       99%         4
 Animate Armour           Summ/Erth      0%         N/A       99%         4
 Blade Hands              Tmut           0%         N/A       100%        5
 Iron Shot                Conj/Erth      0%         9d1       100%        6
 Enfeeble                 Hex            0%         N/A       100%        7


Dungeon Overview and Level Annotations

Branches:
Dungeon (5/15)             Temple (0/1) D:4

Altars:
Yredelemnul

Annotations:
D:5 Pikel


Innate Abilities, Weirdness & Mutations

You are immune to sickness and miasma.
Your stone body is resilient. (AC +5)
You are immune to poison.
You resist negative energy. (rN+)
You are resistant to electric shocks. (rElec)
You are resistant to unholy torment.
You are immune to petrification.


Message History

The lemure is lightly wounded.
You hit the lemure but do no damage. You closely miss the lemure.
The lemure hits you. The lemure hits you but does no damage.
The lemure hits you.
Unknown command.
You hit the lemure.
The lemure is lightly wounded.
You hit the lemure. x2; The lemure hits you but does no damage. x2
The lemure hits you.
* * * LOW HITPOINT WARNING * * *
You hit the lemure.
The lemure is moderately wounded.
You hit the lemure. x2; The lemure closely misses you.
The lemure barely misses you. x2; The lemure hits you but does no damage.
You hit the lemure but do no damage.
The lemure is moderately wounded.
You hit the lemure. x2; The lemure hits you but does no damage.
The lemure completely misses you.
The lemure hits you but does no damage. x2
Unknown command.
Unknown command.
You barely miss the lemure.
The lemure is moderately wounded.
You slash the lemure! x2
You kill the lemure!
That felt strangely unrewarding.
The lemure barely misses you. The lemure hits you.
* * * LOW HITPOINT WARNING * * *
The lemure hits you.
* * * LOW HITPOINT WARNING * * *
You hit the lemure.
The lemure is heavily wounded.
You hit the lemure. You hit the lemure but do no damage.
The lemure hits you but does no damage. x3
Unknown command.
You hit the lemure but do no damage.
The lemure is heavily wounded.
You slash the lemure! You hit the lemure. The lemure hits you.
* * * LOW HITPOINT WARNING * * *
The lemure barely misses you. The lemure hits you.
You die...

.............#,,#.......#
.............#,,#.......#
.......#######,,#.......#
###### )......#
*,,#.......# #...).
...>...# *,,+.......#
#.....
...#####*****####.......#
#.....
...#,,*,,,,,##..#.......#
#.....
####5K+,,,,,#...#5......#
#.)...
...5..*,,,,,#$..@5......#
######
......*,,,,,#...#5......#
..###+*,,,,*###########.#
,.#,,,,,,,,*
*,,,,,,.#****
,.+,,,,,,,,*
*,,,,,,*,,,,*
,,#,,,,,,,,*
*,,,,,,*,,,,*
***,,,,,,,,*
********,,,,*
,,,********* *,,,,,,,,,*
,,,* *,,,,,,,,,*


You could see 3 lemures.

Vanquished Creatures
  A sky beast (D:5)
  A necrophage (D:5)
  3 ogres
  A lemure (D:5)
  2 phantoms (D:5)
  A scorpion (D:4)
  A centaur zombie (D:3)
  A centaur skeleton (D:5)
  A jelly (D:4)
  An orc priest (D:3)
  A bullfrog skeleton (D:5)
  3 iguanas
  Ijyb (D:4)
  4 orc wizards
  A scorpion zombie (D:5)
  6 adders
  3 dart slugs
  9 orcs
  9 ball pythons
  6 bats
  12 endoplasms
  5 giant cockroaches
  6 goblins
  5 hobgoblins
  A jackal (D:2)
  3 quokkas
  4 frilled lizards
  7 kobolds
  8 rats
107 creatures vanquished.

Vanquished Creatures (others)
  A fungus (D:1)
  3 plants (D:1)
4 creatures vanquished.

Grand Total: 111 creatures vanquished

Notes
Turn   | Place    | Note
-------+----------+-------------------------------------------
     0 | Abyss:1  | Gargoyl the Gargoyle Abyssal Knight began the quest for the
                  | Orb.
     0 | Abyss:1  | Reached XP level 1. HP: 14/14 MP: 2/2
    15 | D:1      | Escaped the Abyss
   204 | D:1      | Reached XP level 2. HP: 18/19 MP: 3/3
   298 | D:1      | Reached * piety under Lugonu
   620 | D:1      | Found a faded altar of an unknown god.
   675 | D:1      | Got Plato's Papyrus of the Volcanoes
   798 | D:1      | Reached XP level 3. HP: 22/24 MP: 4/4
  1192 | D:2      | Noticed an ogre
  1315 | D:2      | Reached skill level 1 in Dodging
  1542 | D:2      | Killed an ogre
  1543 | D:2      | Reached skill level 1 in Short Blades
  1543 | D:2      | Reached XP level 4. HP: 13/29 MP: 5/5
  1543 | D:2      | Reached XP level 5. HP: 15/33 MP: 6/6
  2135 | D:2      | Found a basalt altar of Yredelemnul.
  2665 | D:3      | Reached ** piety under Lugonu
  3000 | D:3      | Reached XP level 6. HP: 26/38 MP: 7/7
  3871 | D:4      | Reached XP level 7. HP: 36/44 MP: 8/8
  3934 | D:4      | Found a staircase to the Ecumenical Temple.
  3942 | D:4      | Noticed Ijyb
  3964 | D:4      | Killed Ijyb
  4320 | D:5      | Entered Level 5 of the Dungeon
  4441 | D:5      | Reached skill level 1 in Stealth
  4441 | D:5      | HP: 1/44 [phantom (4)]
  4450 | D:5      | Reached skill level 5 in Fighting
  4450 | D:5      | Reached skill level 5 in Armour
  4870 | D:5      | Reached XP level 8. HP: 49/49 MP: 9/9
  5313 | D:5      | Reached skill level 5 in Short Blades
  5436 | D:5      | Noticed Pikel
  5504 | D:5      | Slain by a lemure

Illustrated notes

Levels and vault maps discovered:
D:1:      dpeg_arrival_shrine, layout_loops_cross,
          shapermc_ecumenical_altar_rom_forum
D:2:      minmay_chambers_of_ones, layout_basic, basic_altar
D:3:      layout_rooms
D:4:      layout_rooms, minmay_temple_entry_slanted, uniq_ijyb
D:5:      layout_gridville, uniq_pikel

Skill      XL: |  1  2  3  4  5  6  7  8 |
---------------+-------------------------+-----
Axes           | 2 |  2.6
Fighting       | 4 5 |  5.4
Dodging        | 1 2 |  2.4
Short Blades   | 1 2 3 4 5 |  5.0
Armour         | 3 4 5 |  5.6
Stealth        | 1 2 |  2.3
Throwing       | |  0.7
Unarmed Combat | |  0.2
Invocations    | |  2.0
Evocations     | |  0.1

Action                   |  1- 3 |  4- 6 |  7- 9 || total
-------------------------+-------+-------+-------++-------
Melee: Hand axe          |    35 |       |     7 ||    42
       Dagger            |    68 |   162 |   127 ||   357
       Unarmed           |       |       |     5 ||     5
Throw: Javelin           |     4 |       |       ||     4
       Dart              |       |       |     4 ||     4
Invok: Depart the Abyss  |     1 |       |       ||     1
Evoke: Wand              |       |       |     1 ||     1
  Use: Scroll            |     4 |     7 |     3 ||    14
       Potion            |       |       |     5 ||     5
 Stab: Confused          |       |       |     1 ||     1
Armor: Leather armour    |    16 |       |       ||    16
       Ring mail         |    50 |    70 |    90 ||   210
       Skin              |       |       |     6 ||     6
Dodge: Dodged            |    89 |    95 |    85 ||   269

Table legend: (Time is in decaauts)
 A = Elapsed time spent in this place.
 B = Non-inter-level travel time spent in this place.
 C = Inter-level travel time spent in this place.
 D = Time resting spent in this place.
 E = Time spent auto-exploring this place.
 F = Levels seen in this place.
 G = Mean time per level.
                   A        B        C        D        E       F      G
               +--------+--------+--------+--------+--------+-----+--------+
         Total |   5447 |   5243 |    204 |    364 |   3824 |   6 |  907.8 |
       Dungeon |   5432 |   5228 |    204 |    364 |   3810 |   5 | 1086.4 |
         Abyss |     15 |     15 |      0 |      0 |     14 |   1 |   15.0 |
               +--------+--------+--------+--------+--------+-----+--------+

Top non-repeatable levels by time:
     D:2: 1357 daAuts
     D:1: 1254 daAuts
     D:5: 1141 daAuts
     D:3: 874 daAuts
     D:4: 804 daAuts
 Abyss:1: 15 daAuts
